 Dungeon Crawl Stone Soup version 0.15.0-27-gbdb0435 (webtiles) character file.

107 Psiweapon the Ruffian (level 4, -1/25 HPs)
             Began as a Gargoyle Transmuter on Sept 11, 2014.
             Slain by an orc priest
             ... wielding a +0 short sword
              (2 damage)
             ... on Level 3 of the Dungeon.
             The game lasted 00:06:44 (2019 turns).

Psiweapon the Ruffian (Gargoyle Transmuter)         Turns: 2019, Time: 00:06:45

HP  -1/25        AC 10     Str 14      XL: 4   Next: 86%
MP   6/7         EV 11     Int 13      God:
Gold 57          SH  0     Dex 11      Spells:  1 memorised,  6 levels left

rFire  . . .     SeeInvis .       - Unarmed
rCold  . . .     Clarity  .     e - +0 leather armour
rNeg   + . .     rCorr    .     (no shield)
rPois  +         rRot     +     (helmet restricted)
rElec  +         Spirit   .     q - +2 cloak
SustAb .         Warding  .     (no gloves)
rMut   .         Stasis   .     m - +0 pair of boots
Gourm  .                        (no amulet)
MR     .....                    (no ring)
                                (no ring)

@: appendage (expiring), not resistant to hostile enchantments, very unstealthy
A: horns 2, negative energy resistance 1, electricity resistance, unbreathing,
petrification resistance, rot immunity, AC +3
a: End Transformation


You were on level 3 of the Dungeon.
You were very hungry.
You had grown temporary horns.
You visited 1 branch of the dungeon, and saw 4 of its levels.

You collected 57 gold pieces.

Inventory:

Missiles
 b - 12 arrows
Armour
 c - a +0 robe
 e - a +0 leather armour (worn)
 m - a +0 pair of boots (worn)
 q - a +2 cloak (worn)
Comestibles
 a - 2 bread rations
 f - 2 fruits
 h - 2 meat rations
Scrolls
 i - a scroll of identify {unknown}
 j - a scroll of teleportation {unknown}
 l - a scroll of recharging {unknown}
 n - a scroll of fog {unknown}
 p - a scroll of enchant weapon {unknown}
 s - a scroll of remove curse {unknown}
 t - 3 scrolls of random uselessness {unknown}
 u - a scroll of fear {unknown}
 v - a scroll of blinking {unknown}
Potions
 g - a potion of mutation {unknown}
 k - a potion of curing {unknown}
 o - a potion of magic {unknown}
 r - a potion of heal wounds {unknown}
 x - a potion of lignification {unknown}
Books
 d - a book of Changes

   Spells                             Type                      Level
   *Beastly Appendage                 Transmutation                1
   Sticks to Snakes                   Transmutation                2
   Spider Form                        Transmutation/Poison         3
   Ice Form                           Ice/Transmutation            4
   Blade Hands                        Transmutation                5


   Skills:
 - Level 1.1 Fighting
 - Level 1.5 Dodging
 + Level 4.6 Unarmed Combat
 - Level 2.0 Spellcasting
 + Level 2.7 Transmutations


You had 6 spell levels left.
You knew the following spells:

 Your Spells              Type           Power        Failure   Level  Hunger
a - Beastly Appendage     Trmt           #.....       10%         1    ##.....


Dungeon Overview and Level Annotations

Branches:
Dungeon (4/15)
 Temple: D:4-7

Altars:

Annotations:
D:4 Kiel97's ghost, average SpAK


Innate Abilities, Weirdness & Mutations

You are resistant to torment.
You are immune to poison.
Your stone body is very resilient (AC +3).
You resist negative energy.
You are resistant to electric shocks.
You can survive without breathing.
You are immune to petrification.
You are immune to rotting.
You have a pair of horns on your head.


Message History

* * * LOW HITPOINT WARNING * * *
You hit the orc priest.
The orc priest is lightly wounded.
The orc priest hits you with a short sword.
* * * LOW HITPOINT WARNING * * *
You closely miss the orc priest.
The orc priest is lightly wounded.
The orc hits you but does no damage. x2
The orc priest hits you but does no damage.
You hit the orc priest.
The orc priest is heavily wounded.
The orc barely misses you. The orc hits you but does no damage.
You barely miss the orc priest.
The orc priest is heavily wounded.
The orc priest barely misses you. The orc hits you but does no damage.
The orc barely misses you.
You closely miss the orc priest.
The orc priest is heavily wounded.
The orc priest hits you with a short sword.
You die...

. ...####
..)....###
....)....#
..........#
........@o#####
........oo...>#
...####.######
. #.# #.# #.#
#.# #.# #.#


You could see an orc priest and 2 orcs.

Vanquished Creatures
  A hound skeleton (D:4)
  2 adders
  A worm (D:2)
  2 giant geckos
  An ooze (D:1)
  3 giant cockroaches
  5 goblins
  8 hobgoblins
  7 jackals (D:1)
  A quokka (D:2)
  13 bats
  2 giant newts (D:2)
  9 kobolds
  6 rats
61 creatures vanquished.

Notes
Turn   | Place    | Note
--------------------------------------------------------------
     0 | D:1      | Psiweapon, the Gargoyle Transmuter, began the quest for the Orb.
     0 | D:1      | Reached XP level 1. HP: 12/12 MP: 3/3
    76 | D:1      | Reached XP level 2. HP: 13/16 MP: 2/4
   386 | D:1      | Reached XP level 3. HP: 17/20 MP: 6/6
   856 | D:1      | Reached skill level 4 in Unarmed Combat
  1115 | D:2      | Reached XP level 4. HP: 21/25 MP: 5/7
  1916 | D:4      | Noticed Kiel97's ghost (average SpAK)
  2015 | D:3      | HP: 1/25 [orc priest/short sword (1)]
  2019 | D:3      | Slain by an orc priest

Action                   |  1- 3 |  4- 6 || total
-------------------------+-------+-------++-------
Melee: Unarmed           |   127 |    95 ||   222
 Cast: Beastly Appendage |    14 |    11 ||    25
  Eat: Chunk             |     1 |     2 ||     3
